 Dungeon Crawl Stone Soup version 0.21.1-1-g345015f (webtiles) character file.

37 inc the Scratcher (level 3, 14/17 HPs)
             Began as a Felid Monk on Mar 14, 2018.
             Quit the game on level 4 of the Dungeon.
             The game lasted 00:02:27 (2309 turns).

inc the Scratcher (Felid Monk)                      Turns: 2309, Time: 00:02:29

Health: 14/17      AC:  1    Str:  7    XL:     3   Next: 21%
Magic:  3/3        EV: 20    Int: 11    God:
Gold:   137        SH:  0    Dex: 19    Spells: 2/2 levels left
                                        Lives:  0   Deaths: 1

rFire    . . .     SeeInvis +     - Unarmed
rCold    . . .     Gourm    .   (shield unavailable)
rNeg     . . .     Faith    .   (armour unavailable)
rPois    .         Spirit   .   (helmet unavailable)
rElec    .         Reflect  .   (cloak unavailable)
rCorr    .         Harm     .   (gloves unavailable)
MR       .....     Rnd*Tele +   (boots unavailable)
Stlth    +++.......             (no amulet)
HPRegen  0.05/turn              (no ring)
MPRegen  0.08/turn              (no ring)

@: quick
A: very small, no armour, no weapons or thrown items, stealth, claws 1, fangs 3,
see invisible, carnivore, speed 1, low mp 1, shaggy fur 1, slow metabolism 1,
teleportitis 1, evolution 1, sharp paws
a: no special abilities


You were on level 4 of the Dungeon.
You were not hungry.

You visited 1 branch of the dungeon, and saw 4 of its levels.

You collected 137 gold pieces.

Inventory:

Scrolls
 b - 2 scrolls of immolation {unknown}
 d - a scroll of enchant weapon {unknown}
 e - a scroll of noise {unknown}
 f - a scroll of blinking {unknown}
 g - a scroll of remove curse {unknown}
 j - a scroll of enchant armour {unknown}
 l - 3 scrolls of teleportation {unknown}
 m - 2 scrolls of fog {unknown}
Potions
 c - 2 potions of heal wounds
 h - a potion of curing
 i - a potion of magic
Comestibles
 a - 4 rations


   Skills:
 - Level 3.0 Fighting
 - Level 4.0 Dodging
 - Level 2.6 Stealth
 + Level 5.1 Unarmed Combat


You had 2 spell levels left.
You didn't know any spells.

Dungeon Overview and Level Annotations

Branches:
Dungeon (4/15)
 Temple: D:4-7

Altars:
Yredelemnul

Annotations:
D:3 Terandir's ghost, amateur DEEE


Innate Abilities, Weirdness & Mutations

You cannot wear armour.
You are incapable of wielding weapons or throwing items.
Your paws allow you to move quietly. (Stealth)
You have sharp claws.
You have razor-sharp teeth.
You have supernaturally acute eyesight. (SInv)
You are carnivorous and can eat meat at any time.
You cover ground quickly.
You are covered in fur. (AC +1)
You have a slow metabolism.
Your sharp claws are effective at attacking unaware monsters.
Your magical capacity is low. (-10% MP)
You are occasionally teleported next to monsters.
You evolve.


Message History

The orc priest is almost dead.
The orc priest calls down the wrath of Beogh upon you.
Beogh smites you!
Ouch! That really hurt!
You die...
The orc wizard misses you.
You hear a bark!
You are now level 3!
You rejoin the land of the living...
Found 19 stones and a metal-bound book.
An adder skeleton comes into view.
Unknown command.
You feel extremely strange.
You feel less energetic.
You feel weirdly uncertain.
You feel nature experimenting on you.
Don't worry, failures die fast.
An orc comes into view. It is wielding a dagger.
The adder skeleton bites you. The adder skeleton barely misses you.
You see here a book of Changes.
Are you sure you want to abandon this character and quit the game? (Confirm with "yes".)

.. .# #.###
#.#o #.# #.#
####.#######
#..@........
#.Z.........
#...........
#...........
#..........P
#.........♣≈
#........♣♣
#........♣
#........♣


You could see an orc (sleeping) and an adder skeleton.

Vanquished Creatures
  3 adders
  2 worms
  A dart slug (D:1)
  A ball python (D:3)
  3 bats
  4 giant cockroaches
  9 goblins
  4 hobgoblins
  4 kobolds
  A quokka (D:3)
  6 frilled lizards
  8 rats
46 creatures vanquished.

Notes
Turn   | Place    | Note
-------+----------+-------------------------------------------
     0 | D:1      | inc the Felid Monk began the quest for the Orb.
     0 | D:1      | Reached XP level 1. HP: 10/10 MP: 2/2
   330 | D:1      | Reached XP level 2. HP: 14/14 MP: 3/3
   735 | D:1      | Reached skill level 4 in Unarmed Combat
   935 | D:2      | Reached XP level 3. HP: 17/17 MP: 4/4
   995 | D:2      | Found a basalt altar of Yredelemnul.
  1956 | D:3      | Reached XP level 4. HP: 15/21 MP: 5/5
  2132 | D:3      | Reached skill level 5 in Unarmed Combat
  2179 | D:3      | Noticed Terandir's ghost (amateur DEEE)
  2302 | D:4      | Killed from afar by an orc priest
  2303 | D:4      | Reached XP level 3. HP: -14/17 MP: 4/4
  2303 | D:4      | Gained mutation: Your magical capacity is low. (-10% MP) [potion of mutation]
  2303 | D:4      | Gained mutation: You are occasionally teleported next to monsters. [potion of mutation]
  2303 | D:4      | Gained mutation: You evolve. [potion of mutation]
  2309 | D:4      | Quit the game

Skill      XL: |  1  2  3  4 |
---------------+-------------+-----
Unarmed Combat | 4 5 |  5.1
Fighting       | |  3.0
Dodging        | |  4.0
Stealth        | |  2.6

Action                   |  1- 3 |  4- 6 || total
-------------------------+-------+-------++-------
Melee: Unarmed           |   103 |    22 ||   125
       Bite              |     5 |     4 ||     9
       Punch             |       |     1 ||     1
  Use: Potion            |     1 |       ||     1
       Scroll            |       |     4 ||     4
 Stab: Sleeping          |    18 |     1 ||    19
  Eat: Chunk             |     2 |     3 ||     5
Armor: Skin              |     1 |     2 ||     3
Dodge: Dodged            |    56 |    14 ||    70
